 Dungeon Crawl Stone Soup version 0.27-a0-1185-ga233589e6f (webtiles) character file.

Game seed: 16458644170038240406

102 DasRunzen the Ducker (level 4, -1/37 HPs)
             Began as a Demigod Gladiator on May 19, 2021.
             Slain by Natasha (2 damage)
             ... on level 2 of the Dungeon.
             The game lasted 00:03:28 (1863 turns).

DasRunzen the Ducker (Demigod Gladiator)            Turns: 1863, Time: 00:03:29

Health: -1/37      AC:  4    Str: 17    XL:     4   Next: 26%
Magic:  8/8        EV: 12    Int: 14    God:
Gold:   65         SH:  5    Dex: 15    Spells: 5/5 levels left

rFire    . . .     SeeInvis .   a - +1 trident
rCold    . . .     Faith    .   (no shield)
rNeg     . . .     Spirit   .   b - +0 leather armour
rPois    .         Reflect  +   c - +0 helmet
rElec    .         Harm     .   (no cloak)
rCorr    .         Rampage  .   (no gloves)
Will     .....                  (no boots)
Stlth    +.........             e - amulet "Fun Zeex" {Reflect Str+2 SH+5}
HPRegen  0.12/turn              (no ring)
MPRegen  0.11/turn              (no ring)

@: slowed, very slow
A: high mp 1, forlorn
a: no special abilities


You were on level 2 of the Dungeon.
You visited 1 branch of the dungeon, and saw 2 of its levels.

You collected 65 gold pieces.

Inventory:

Hand Weapons
 a - a +1 trident (weapon)
 k - a +1 halberd of flaming
Missiles
 d - 3 throwing nets (quivered)
Armour
 b - a +0 leather armour (worn)
 c - a +0 helmet (worn)
Jewellery
 e - the amulet "Fun Zeex" (around neck) {Reflect Str+2 SH+5}
   (You acquired it on level 1 of the Dungeon)

   [amulet of reflection]

   It reflects blocked missile attacks.
   It affects your strength (+2).
   It affects your SH (+5).
Scrolls
 f - 3 scrolls of teleportation {unknown}
 g - a scroll of identify
 l - 3 scrolls of fear
Potions
 h - a potion of curing
 i - 2 potions of might {unknown}
 j - a potion of brilliance {unknown}


   Skills:
 + Level 2.5 Fighting
 + Level 3.1 Polearms
 - Level 1.7 Throwing
 + Level 1.4 Armour
 + Level 3.2 Dodging
 + Level 1.3 Spellcasting


You had 5 spell levels left.
You didn't know any spells.
Your spell library was empty.

Dungeon Overview and Level Annotations

Branches:
Dungeon (2/15)

Annotations:
D:2 Natasha


Innate Abilities, Weirdness & Mutations

Your attributes grow dramatically as you level up.
You have an increased reservoir of magic. (+10% MP)
You shall have no god before yourself.


Message History

You are too injured to fight recklessly!
You hit Natasha but do no damage.
Natasha is lightly wounded.
Natasha misses you.
You closely miss Natasha.
Natasha is lightly wounded.
Natasha stares at you and mumbles some strange words.
You feel yourself slow down.
You hit Natasha.
Natasha is lightly wounded.
You block Natasha's attack. Natasha closely misses you.
You puncture Natasha!
Natasha is severely wounded.
Natasha casts a spell at you. You resist with some effort.
You closely miss Natasha.
Natasha is severely wounded.
Natasha claws you.
* * * LOW HITPOINT WARNING * * *
Natasha barely misses you.
You closely miss Natasha.
Natasha is severely wounded.
Natasha closely misses you. Natasha claws you.
* * * LOW HITPOINT WARNING * * *
You closely miss Natasha.
Natasha is severely wounded.
Natasha casts a spell. x2
You barely miss Natasha.
Natasha is severely wounded.
Natasha casts a spell.
You barely miss Natasha.
Natasha is severely wounded.
The crimson imp blinks!
Natasha claws you.
* * * LOW HITPOINT WARNING * * *
The white imp hits you.
* * * LOW HITPOINT WARNING * * *
The white imp freezes you.
* * * LOW HITPOINT WARNING * * *
The crimson imp blinks!
Natasha claws you.
You die...

...........# #......
.##.###..#.####### ########......
....###........<.###........###.#
..####...#.#####............##..#
..# #...#.......###........##.##
.## #...##.§....# #........##.#
.# ######......###........##.# .#
#....§h##.........##.# ##
#....5@##..^......##.# #
#...55.##.........#..# #
#......#..#########.## #
#...[.(..## ##.# # #.......##
#..# # #........#### #.## #
####...#....######.#### #
######## #..######.....#.)...# #
#......###.## ##....†........


You could see an iron imp (summoned), Natasha, a crimson imp (summoned) and a
white imp (summoned).

Vanquished Creatures
  3 gnolls (D:2)
  An adder (D:2)
  3 dart slugs
  4 endoplasms
  3 giant cockroaches
  3 goblins
  5 hobgoblins
  6 jackals (D:1)
  5 kobolds
  2 quokkas
  4 ball pythons
  7 bats
  2 frilled lizards
  6 rats
54 creatures vanquished.

Vanquished Creatures (others)
  21 plants (D:1)
21 creatures vanquished.

Grand Total: 75 creatures vanquished

Notes
Turn   | Place    | Note
-------+----------+-------------------------------------------
     0 | D:1      | DasRunzen the Demigod Gladiator began the quest for the
                  | Orb.
     0 | D:1      | Reached XP level 1. HP: 17/17 MP: 3/3
   210 | D:1      | Reached XP level 2. HP: 24/24 MP: 4/4
   227 | D:1      | HP: 1/24 [poisoned by a kobold]
   234 | D:1      | HP: 1/24 [bat (1)]
   983 | D:1      | Reached XP level 3. HP: 29/29 MP: 6/6
  1075 | D:1      | Identified a scroll of acquirement
  1075 | D:1      | Acquired the amulet "Fun Zeex" {Reflect Str+2 SH+5}
  1111 | D:2      | Reached skill level 1 in Armour
  1175 | D:2      | Reached skill level 1 in Spellcasting
  1191 | D:2      | Noticed Natasha
  1454 | D:2      | Reached XP level 4. HP: 24/37 MP: 8/8
  1863 | D:2      | HP: 1/37 [white imp[Natasha] (3)]
  1863 | D:2      | Slain by Natasha

Illustrated notes

Levels and vault maps discovered:
D:1:      dpeg_arrival_boxes_within_box, layout_basic,
          chequers_ecumenical_altar_lobes, chequers_garden,
          serial_bayou_lagoon_a
D:2:      layout_rooms, minmay_tiny_reverse_x, uniq_natasha

Skill      XL: |  1  2  3 |
---------------+----------+-----
Fighting       | 2 |  2.5
Dodging        | 3 |  3.2
Polearms       | 3 |  3.1
Armour         | 1 |  1.4
Spellcasting   | 1 |  1.3
Throwing       | |  1.7

Action                   |  1- 3 |  4- 6 || total
-------------------------+-------+-------++-------
Melee: Trident           |   122 |    42 ||   164
  Use: Scroll            |     6 |       ||     6
 Stab: Sleeping          |     1 |     1 ||     2
Armor: Leather armour    |    47 |     7 ||    54
Dodge: Dodged            |    76 |    14 ||    90
Block: Other             |    14 |     4 ||    18

Table legend: (Time is in decaauts)
 A = Elapsed time spent in this place.
 B = Non-inter-level travel time spent in this place.
 C = Inter-level travel time spent in this place.
 D = Time resting spent in this place.
 E = Time spent auto-exploring this place.
 F = Levels seen in this place.
 G = Mean time per level.
                   A        B        C        D        E       F      G
               +--------+--------+--------+--------+--------+-----+--------+
         Total |   1915 |   1884 |     31 |    350 |    996 |   2 |  957.5 |
       Dungeon |   1915 |   1884 |     31 |    350 |    996 |   2 |  957.5 |
               +--------+--------+--------+--------+--------+-----+--------+

Top non-repeatable levels by time:
     D:1: 1254 daAuts
     D:2: 661 daAuts
